 Dungeon Crawl Stone Soup version 0.31-a0-574-g69dc8cc98e (webtiles) character file.

Game seed: 1402706503771942310

156 NinjaNoafa the Changeling (level 5, -3/30 HPs)
             Began as an Octopode Shapeshifter on Aug 18, 2023.
             Slain by Grinder (5 damage)
             ... while paralysed by Grinder
             ... on level 3 of the Dungeon.
             The game lasted 00:03:23 (1791 turns).

NinjaNoafa the Changeling (Octopode Shapeshifter)   Turns: 1791, Time: 00:03:23

Health: -3/30      AC:  1    Str: 14    XL:     5   Next: 38%
Magic:  5/5        EV:  2    Int: 12    God:
Gold:   159        SH:  0    Dex: 13    Spells: 4/4 levels left

rFire   . .          .
                       - Unarmed
rCold   . . .        (shield currently unavailable)
rNeg    . . .        (helmet restricted)
rPois   .            h - amulet of magic regeneration
rElec   .            (no ring)
rCorr   .            (no ring)
SInv    .            (no ring)
Will    .....        (no ring)
Stlth   +            (no ring)
HPRegen 0.25/turn    (no ring)
MPRegen 0.49/turn    (no ring)
                     (no ring)

%: no passive effects
@: paralysed, flux-form, glowing
A: glow, contaminating, reduced hp, almost no armour, amphibious, 8 rings,
camouflage 1, gelatinous body 1, (nimble swimmer 1), tentacles
a: Begin Untransformation


You were on level 3 of the Dungeon.
You were something dangerously unstable.
You visited 1 branch of the dungeon, and saw 3 of its levels.

You collected 159 gold pieces.

Inventory:

Missiles
 e - 2 javelins
Magical Staves
 f - a staff of poison
Jewellery
 h - an amulet of magic regeneration (around mantle)
Talismans
 b - a beast talisman
 c - a flux talisman (active)
Scrolls
 d - a scroll of acquirement {unknown}
 g - a scroll of silence {unknown}
 l - a scroll of teleportation {unknown}
Potions
 a - a potion of lignification
 i - a potion of haste {unknown}
 k - 2 potions of might {unknown}


   Skills:
 - Level 1.0 Fighting
 - Level 2.0 Dodging
 - Level 3.0 Unarmed Combat
 + Level 5.2 Shapeshifting


You had 4 spell levels left.
You didn't know any spells.
Your spell library was empty.

Dungeon Overview and Level Annotations

Branches:
Dungeon (3/15) Zot: 16210

Altars:

Annotations:
D:3 Grinder


Innate Abilities, Weirdness & Mutations

You are something dangerously unstable.
You glow with magical radiation, making you easy to see and hit.
Foes you strike become dangerously contaminated with magical radiation.
Your maximum health is decreased, since you lack skill for your form.
You are incapable of wielding weapons or throwing items.
You cannot wear most types of armour.
You are amphibious.
You can wear up to eight rings at the same time.
Your skin changes colour to match your surroundings (Stealth+).
Your rubbery body absorbs attacks. (AC +1, EV +1)
((You are camouflaged when in or above water. (Stealth+)))
You have tentacles for arms and can constrict up to eight enemies at once.


Message History

Found a stone staircase leading down.
You regained 4 hp, and now have 28/33 hp.
Grinder comes into view.
Grinder is nearby!
Grinder is nearby!
Grinder shouts!
Grinder blinks!
You begin transforming.
You continue transforming. x3
Your transformation has ended.
You turn into something dangerously unstable.
Health restored: 30 Grinder blinks!
Grinder blinks!
You tentacle-slap Grinder.
Grinder begins to glow.
You grab Grinder. You squeeze Grinder. You constrict Grinder.
Grinder blinks free!
Grinder blinks!
Grinder stops glowing.
Grinder gestures at you. You resist with significant effort.
Found 11 gold pieces.
Found a stone staircase leading up.
Grinder says, "Tell me all your secrets, or I'll kill you."
You completely miss Grinder. Your grab misses Grinder.
Your squeeze misses Grinder.
Grinder blinks!
Grinder hits you.
You take 1 damage, and have 29/30 hp.
You tentacle-slap Grinder.
Grinder begins to glow.
You grab Grinder. You squeeze Grinder, but do no damage.
You constrict Grinder, but do no damage.
Grinder gestures at you.
You suddenly lose the ability to move!
You lose your grip on Grinder.
Grinder hits you.
You writhe in agony.
Grinder gestures at you. Pain shoots through your body!
* * * LOW HITPOINT WARNING * * *
Grinder blinks!
Grinder stops glowing.
Grinder hits you!
* * * LOW HITPOINT WARNING * * *
You writhe in agony.
You die...
Grinder says, "Now the real fun starts!"

##############
.###....5B§...$.#
.<........#####.#
...#.####.# #.#
#.# #.# # #.#
#.#. #.#
##!...###.#####.#


You could see Grinder.

Vanquished Creatures
  A sleepcap (D:3)
  An iguana (D:3)
  2 orc wizards (D:3)
  2 adders
  A dart slug (D:2)
  4 orcs (D:3)
  3 endoplasms
  2 giant cockroaches
  A goblin (D:2)
  7 hobgoblins
  4 kobolds (D:2)
  3 ball pythons
  A bat (D:2)
  A frilled lizard (D:2)
  A rat (D:3)
34 creatures vanquished.

Notes
Turn   | Place    | Note
-------+----------+-------------------------------------------
     0 | D:1      | NinjaNoafa the Octopode Shapeshifter began the quest for
                  | the Orb.
     0 | D:1      | Reached XP level 1. HP: 13/13 MP: 1/1
   482 | D:1      | Reached XP level 2. HP: 18/18 MP: 2/2
   978 | D:2      | Reached XP level 3. HP: 23/23 MP: 3/3
  1139 | D:2      | Reached skill level 4 in Shapeshifting
  1490 | D:3      | Reached XP level 4. HP: 18/28 MP: 4/4
  1556 | D:3      | Reached skill level 5 in Shapeshifting
  1556 | D:3      | Reached XP level 5. HP: 3/33 MP: 5/5
  1764 | D:3      | Noticed Grinder
  1787 | D:3      | Paralysed by Grinder for 4 turns
  1791 | D:3      | Slain by Grinder

Illustrated notes

Levels and vault maps discovered:
D:1:      spicycebolla_arrival_ecumenical, layout_basic
D:2:      layout_basic, grunt_ministairs_6
D:3:      layout_loops_ring, minmay_misc_feat_x, hex_medium,
          reono_crystal_passage, dreamdust_wishing_well, corexii_corridor_pit,
          uniq_grinder, uniq_crazy_yiuf_cottage

Skill      XL: |  1  2  3  4 |
---------------+-------------+-----
Shapeshifting  | 4 5 |  5.2
Fighting       | |  1.0
Dodging        | |  2.0
Unarmed Combat | |  3.0

Action                     |  1- 3 |  4- 6 || total
---------------------------+-------+-------++-------
  Melee: Unarmed           |    45 |    32 ||    77
         Constrict         |    12 |    10 ||    22
         Tentacles         |    12 |     9 ||    21
         Punch             |     1 |       ||     1
    Use: Potion            |       |     2 ||     2
   Stab: Sleeping          |     7 |       ||     7
 Armour: Skin              |     4 |       ||     4
  Dodge: Dodged            |    24 |    13 ||    37
   Form: Flux              |     1 |     1 ||     2
                           |       |     1 ||     1
         Beast             |       |     1 ||     1

Table legend: (Time is in decaauts)
 A = Elapsed time spent in this place.
 B = Non-inter-level travel time spent in this place.
 C = Inter-level travel time spent in this place.
 D = Time resting spent in this place.
 E = Time spent auto-exploring this place.
 F = Levels seen in this place.
 G = Mean time per level.
                   A        B        C        D        E       F      G
               +--------+--------+--------+--------+--------+-----+--------+
         Total |   1788 |   1604 |    184 |    131 |   1056 |   3 |  596.0 |
       Dungeon |   1788 |   1604 |    184 |    131 |   1056 |   3 |  596.0 |
               +--------+--------+--------+--------+--------+-----+--------+

Top non-repeatable levels by time:
     D:2: 806 daAuts
     D:1: 581 daAuts
     D:3: 401 daAuts
